 Dungeon Crawl Stone Soup version 0.26-a0-800-g517d6fe721 (webtiles) character file.

Game seed: 6285445309891180330

28 jalala the Bolt Thrower (level 3, 0/22 HPs)
             Began as a Kobold Hunter on Nov 11, 2020.
             Succumbed to an adder's poison
             ... on level 1 of the Dungeon.
             The game lasted 00:01:15 (767 turns).

jalala the Bolt Thrower (Kobold Hunter)              Turns: 767, Time: 00:01:15

Health: 0/22       AC:  3    Str: 10    XL:     3   Next: 30%
Magic:  3/3        EV: 14    Int: 12    God:
Gold:   37         SH:  0    Dex: 15    Spells: 2/2 levels left

rFire    . . .     SeeInvis .   a - +1 hand crossbow
rCold    . . .     Faith    .   (shield restricted)
rNeg     . . .     Spirit   .   c - +0 leather armour
rPois    .         Reflect  .   (no helmet)
rElec    .         Harm     .   (no cloak)
rCorr    .         Rampage  .   (no gloves)
MR       .....                  (no boots)
Stlth    +++.......             (no amulet)
HPRegen  0.07/turn              (no ring)
MPRegen  0.08/turn              (no ring)

@: lethally poisoned (0 -> -5)
A: small, nightstalker 3
a: no special abilities


You were on level 1 of the Dungeon.
You visited 1 branch of the dungeon, and saw 2 of its levels.

You collected 37 gold pieces.

Inventory:

Hand Weapons
 a - a +1 hand crossbow (weapon)
 b - a +0 dagger of speed
Missiles
 d - 12 bolts (quivered)
 g - 3 curare-tipped darts
Armour
 c - a +0 leather armour (worn)
Scrolls
 f - a scroll of blinking {unknown}
 h - a scroll of remove curse {unknown}
 i - a scroll of fear {unknown}
Potions
 j - a potion of berserk rage {unknown}


   Skills:
 + Level 2.8 Fighting
 * Level 5.6 Crossbows
 - Level 2.4 Dodging
 - Level 1.3 Stealth


You had 2 spell levels left.
You didn't know any spells.
Your spell library was empty.

Dungeon Overview and Level Annotations

Branches:
Dungeon (2/15)

Altars:


Innate Abilities, Weirdness & Mutations

You are small and have problems with some larger weapons.
You are completely attuned to the shadows.


Message History

* * * LOW HITPOINT WARNING * * *
Unknown command.
Firing (i - inventory. (/) - cycle)
d - 15 bolts (quivered)
Press: ? - help, Shift-Dir - straight line, f/p - adder
Aim: an adder (heavily wounded, poisoned, slow)
You shoot a bolt. The bolt misses the adder.
* * * LOW HITPOINT WARNING * * *
You feel sick. The adder bites you.
* * * LOW HITPOINT WARNING * * *
Firing (i - inventory. (/) - cycle)
d - 14 bolts (quivered)
Press: ? - help, Shift-Dir - straight line, f/p - adder
Aim: an adder (severely wounded, poisoned, slow)
You shoot a bolt. The bolt misses the adder.
The adder bites you.
* * * LOW HITPOINT WARNING * * *
Unknown command.
Firing (i - inventory. (/) - cycle)
d - 13 bolts (quivered)
Press: ? - help, Shift-Dir - straight line, f/p - adder
Aim: an adder (severely wounded, poisoned, slow)
You shoot a bolt. The bolt closely misses the adder.
You die...

.# #.############.#
.# ##.#..........#.#
.# #.....#######.#.#
.# #.###.#######.#.#
.# #.# #...........#
.# #.###.###.##..###
.######.....# #.##..#
.......)...####.##..#
.#########......@...#
## ######..S.##
#.##(# #.##.#
#.##.### #.##...#
#....#.# #..###.#
##.# #.#


You could see an adder (poisoned, slow).

Vanquished Creatures
  A gnoll (D:1)
  A dart slug (D:1)
  2 bats (D:1)
  A giant cockroach (D:1)
  3 goblins
  2 hobgoblins (D:1)
  A frilled lizard (D:1)
  2 kobolds (D:1)
  4 rats (D:1)
17 creatures vanquished.

Notes
Turn   | Place    | Note
-------+----------+-------------------------------------------
     0 | D:1      | jalala the Kobold Hunter began the quest for the Orb.
     0 | D:1      | Reached XP level 1. HP: 12/12 MP: 1/1
    69 | D:1      | Reached skill level 5 in Crossbows
   143 | D:1      | Reached XP level 2. HP: 18/18 MP: 2/2
   603 | D:1      | Reached XP level 3. HP: 22/22 MP: 3/3
   758 | D:1      | HP: 1/22 [poisoned by an adder]
   766 | D:1      | HP: 1/22 [adder (1)]
   767 | D:1      | Succumbed to an adder's poison

Illustrated notes

Levels and vault maps discovered:
D:1:      dpeg_arrival_radiant, layout_loops_ring
D:2:      layout_basic, marbit_many_paths, minmay_vboxes

Skill      XL: |  1 |
---------------+----+-----
Crossbows      | 5 |  5.6
Fighting       | |  2.8
Dodging        | |  2.4
Stealth        | |  1.3

Action                   || total
-------------------------++-------
Melee: Short sword       ||    24
       Dagger            ||    10
 Fire: Hand crossbow     ||    15
Throw: Dart              ||     2
  Use: Potion            ||     1
 Stab: Sleeping          ||     9
Armor: Leather armour    ||     2
Dodge: Dodged            ||    28

Table legend: (Time is in decaauts)
 A = Elapsed time spent in this place.
 B = Non-inter-level travel time spent in this place.
 C = Inter-level travel time spent in this place.
 D = Time resting spent in this place.
 E = Time spent auto-exploring this place.
 F = Levels seen in this place.
 G = Mean time per level.
                   A        B        C        D        E       F      G
               +--------+--------+--------+--------+--------+-----+--------+
         Total |    764 |    730 |     34 |      0 |    596 |   2 |  382.0 |
       Dungeon |    764 |    730 |     34 |      0 |    596 |   2 |  382.0 |
               +--------+--------+--------+--------+--------+-----+--------+

Top non-repeatable levels by time:
     D:1: 693 daAuts
     D:2: 71 daAuts
